[Event "13th Asrian Memorial 2022"]
[Site "Yerevan"]
[Date "2022.06.09"]
[Round "3.1"]
[White "Ohanyan, Emin"]
[Black "Sargsyan, Shant"]
[Result "0-1"]
[ECO "D39"]
[WhiteElo "2366"]
[BlackElo "2641"]
[Annotator "TA"]
[PlyCount "56"]
[EventDate "2022.06.07"]
[EventType "swiss"]
[EventCountry "ARM"]
[SourceTitle "playchess.com"]
[Source "ChessBase"]
[SourceQuality "1"]
[TimeControl "40/5400+30:1800+30"]

1. d4 Nf6 2. c4 e6 3. Nf3 d5 4. Nc3 dxc4 5. e4 Bb4 6. Bg5 h6 7. Bxf6 Qxf6 8. Bxc4 c5 9. O-O {[%emt 0:00:15] Black must now prevent Nb5. D39: Queen's Gambit Declined: Ragozin Defence with 5 Bg5 dxc4.} cxd4 10. Nb5 {[%emt 0:00:30] Hoping for Nc7+.} Qe7 {[%emt 0:01:37] Prevents Nc7+.} 11. Qxd4 {[%emt 0:00:29] The position is equal.} O-O 12. Nxa7 Bc5 13. Nxc8 Rxc8 14. Qd3 Nc6 15. a3 {[%emt 0:19:21] [#]} g5 $146 ({Predecessor:} 15... Rd8 16. Qe2 Nd4 17. Nxd4 Bxd4 18. Rac1 Qf6 19. Rc2 Bb6 20. g3 Rd4 21. Kg2 Qe5 {½-½ (55) Talu,M (2386)-Paraschiv,P (2031) Mamaia 2021}) 16. h3 Qf6 17. Qe2 h5 18. g3 g4 19. hxg4 (19. Nh2 $11) 19... hxg4 $17 20. Nh2 ({Better is} 20. Nh4) 20... Ne5 $1 {[%emt 0:00:26] Threatens to win with ...Qh6. Black is much more active.} 21. Bb3 $2 ({Much worse is} 21. Nxg4 $6 Qg6 $1 22. Nxe5 (22. b4 $2 Bxf2+ 23. Rxf2 Nxg4 $19) 22... Qxg3+ 23. Kh1 Qxe5 $11) (21. Kg2 $17 Qg6 22. Rac1) 21... Nf3+ $2 (21... Qh6 $19 {has better winning chances. aiming for ...Kg7.} 22. Rac1 (22. Nxg4 $2 Qh3 $19) 22... Bxf2+ $1 23. Qxf2 Rxc1) 22. Nxf3 gxf3 23. Qd2 {[%emt 0:00:49] [#]} Kg7 $1 24. Bd1 {[%emt 0:01:31] [#]} Rh8 $1 $40 {[%emt 0:01:42][%mdl 128] Black has strong attack.} 25. Bxf3 $2 (25. Qc3 $17 {nothing else works.} Qxc3 26. bxc3) 25... Qxf3 $19 26. Qg5+ (26. Qc3+ $142 Qxc3 27. bxc3) 26... Kh7 {[%emt 0:00:07][%cal Oa8g8] ( -> ...Rag8!)} ({Not} 26... Kf8 27. Qxc5+ Kg8 28. Qg5+ Kf8 29. Qc5+ Kg8 30. Qg5+ Kf8 31. Qc5+ $11) 27. Rac1 Rag8 28. Rc3 Qxf2+ {[%emt 0:00:12] Weighted Error Value: White=1.16/Black=0.31} (28... Bxf2+ $142 29. Rxf2 Qd1+ 30. Rf1 Qd4+ 31. Qe3 Rxg3+ 32. Kf2 Rxe3 33. Rxe3 Kg8 34. Rg1+ Kf8 35. Rg4 Rh3 36. Rgg3 Rh2+ 37. Rg2 Qd2+ 38. Re2 Rxg2+ 39. Kxg2 Qxe2+ 40. Kg3 Qe3+ 41. Kg2 f5 42. exf5 exf5 43. Kf1 f4 44. Kg2 Qg3+ 45. Kf1 f3 46. b4 Qg2+ 47. Ke1 Qe2#) 0-1

[Event "13th Asrian Memorial 2022"]
[Site "Yerevan"]
[Date "2022.06.09"]
[Round "3.2"]
[White "Chaqryan, Erik"]
[Black "Petrosian, Tigran L."]
[Result "1/2-1/2"]
[ECO "A20"]
[WhiteElo "2366"]
[BlackElo "2553"]
[Annotator "TA"]
[PlyCount "89"]
[EventDate "2022.06.07"]
[EventType "swiss"]
[EventCountry "ARM"]
[SourceTitle "playchess.com"]
[Source "ChessBase"]
[SourceQuality "1"]
[TimeControl "40/5400+30:1800+30"]

1. c4 e5 2. g3 g6 3. d4 d6 4. dxe5 dxe5 5. Qxd8+ Kxd8 6. Nc3 {[%emt 0:00:14] A20: English Opening: 1...e5.} c6 7. f4 Be6 8. Nf3 {[%emt 0:01:43] White is slightly better.} Nd7 {[%emt 0:01:45] [#]} 9. fxe5 $146 ({Predecessor:} 9. e4 f6 10. Be3 Nh6 11. h3 exf4 12. gxf4 Bc5 13. Nd4 Bf7 14. O-O-O Ke7 15. a3 {0-1 (38) Tyurin,A (2261)-Brankovic,D (2302) Paracin 2022}) 9... h6 10. b3 Bg7 11. Bb2 $36 {[%emt 0:07:22][%mdl 2048] White is in control.} Nxe5 12. O-O-O+ Nd7 13. Nd4 {[%emt 0:00:19] White is more active.} Bxd4 (13... Bg4 $2 14. h3 Be6 15. Ne4 $16) 14. Rxd4 Ngf6 15. Ba3 a6 16. Na4 b5 (16... Kc8 $16) 17. Nc5 $1 $18 Kc7 18. Nxe6+ ({But not} 18. Bg2 $6 Rhe8 $16) 18... fxe6 19. Bg2 (19. Bd6+ $18 Kb6 20. Bg2) 19... c5 $16 20. Rd2 Rab8 21. cxb5 axb5 22. Bb2 Rhe8 23. Rf1 e5 24. Bh3 {[%emt 0:00:04] This bishop pair is nice.} Re7 25. Rfd1 {[%emt 0:01:10] Black must now prevent Bxd7.} Rb6 26. a3 Rc6 27. Kb1 Nb6 28. Bg2 {[%emt 0:00:42] Prevents Ne4.} e4 29. Rd8 g5 30. h4 Ng4 31. hxg5 Ne3 (31... hxg5 $11 32. Rg8 Ne3) 32. Bf6 $14 {[%emt 0:00:09] Dancing on a razor blade.} Nxd1 33. Bxe7 Nc3+ 34. Kb2 Ncd5 {[#]} (34... Nbd5 $1 $14) 35. Bxe4 $2 ({Better is} 35. Rd6 $1 $18 Nxe7 36. Rxc6+ Nxc6 37. gxh6) 35... Nxe7 $11 36. Bxc6 hxg5 (36... Kxd8 $2 {[#]} 37. gxh6 $1 Ng6 38. Bxb5 $18) 37. Re8 (37. Rf8 $5 Kxc6 38. Rf6+ Kc7 39. Rf7 $14) 37... Nxc6 {[%emt 0:00:05][%mdl 4096] Endgame. The position is equal.} 38. Rg8 c4 39. Rxg5 Nd4 40. e3 Nxb3 41. Rxb5 Na4+ 42. Kc2 {[%emt 0:01:06] Threatens to win with Rf5.} Na1+ 43. Kc1 Nb3+ 44. Kc2 {[%emt 0:00:05] aiming for Rf5.} Na1+ 45. Kc1 {[%emt 0:00:03] Black defended with fortune.  Weighted Error Value: White=0.22 (precise) /Black=0.16 (very precise)} 1/2-1/2

[Event "13th Asrian Memorial 2022"]
[Site "Yerevan"]
[Date "2022.06.09"]
[Round "3.3"]
[White "Davtyan, Artur"]
[Black "Nadanian, Ashot"]
[Result "1-0"]
[ECO "A21"]
[WhiteElo "2488"]
[BlackElo "2319"]
[Annotator "TA"]
[PlyCount "93"]
[EventDate "2022.06.07"]
[EventType "swiss"]
[EventCountry "ARM"]
[SourceTitle "playchess.com"]
[Source "ChessBase"]
[SourceQuality "1"]
[TimeControl "40/5400+30:1800+30"]

1. c4 e5 2. g3 g6 3. Bg2 Bg7 4. Nc3 d6 5. d3 f5 6. b4 {[%emt 0:00:46] A21: English Opening: 1...e5 2 Nc3.} c6 7. Bb2 Nf6 8. Nf3 {[%emt 0:00:09] [#] White has an edge.} Qe7 $146 ({Predecessor:} 8... O-O 9. O-O h6 10. c5 Be6 11. Qc2 Qc7 12. Na4 Nfd7 13. cxd6 Qxd6 14. Nc5 Bd5 {½-½ (37) Christen,P (2007)-Marti,G (2225) Koge 2010}) 9. O-O O-O 10. e3 Kh8 11. Nd2 Be6 12. b5 d5 13. bxc6 bxc6 14. Qa4 Rd8 15. Rfc1 a6 16. Rab1 e4 17. Qa5 ({Reject} 17. dxe4 dxe4 18. Nb3 Ng4 $11) 17... Nbd7 18. Ne2 Bg8 19. cxd5 Bxd5 (19... cxd5 $142 20. Nb3 Rdb8) 20. Nf4 exd3 21. Bxd5 (21. Nxd3 $6 Bxg2 22. Kxg2 c5 $14) 21... cxd5 22. Nxd3 Rdb8 23. Bd4 ({Don't do} 23. Rc7 $6 Qd8 $16) 23... Ne4 (23... Rxb1 $16 {was worth a try.} 24. Rxb1 Qd8 25. Qxd8+ Rxd8) 24. Nf3 Rxb1 25. Rxb1 Ndf6 (25... Bxd4 $16 26. Qxd5 (26. Nxd4 Qd8 $16) 26... Qd8) 26. Nfe5 $18 Re8 (26... Kg8 {might work better.} 27. Nf4 Qd8) 27. Nf4 Kg8 28. Nxd5 Qd8 29. Qxd8 Rxd8 30. Ne7+ Kf8 31. N7c6 Rc8 32. Rb7 {[%emt 0:00:35] And now Rf7+ would win.} Nd5 {[%emt 0:07:44] [#]} 33. Nxg6+ $1 hxg6 34. Bxg7+ Kg8 35. Nd4 Rc1+ 36. Kg2 Ra1 $2 {[%emt 0:00:20] [#]} (36... Rc7 37. Rxc7 Nxc7) 37. Nxf5 $1 Rxa2 38. Nh6+ Kh7 39. Bf8+ (39. Ng4 $142 {Bf6+ is the strong threat.} g5 40. Rd7) 39... Kh8 40. Bg7+ $2 (40. Kf3 Ng5+ 41. Kg4) 40... Kh7 41. Ng4 {[%emt 0:00:51] aiming for Bf6+. White is clearly winning.} g5 42. Rd7 Nb6 43. Re7 Nd5 44. Rxe4 Kxg7 45. Re5 Nc3 46. Rxg5+ Kf8 47. h4 {[%emt 0:00:10] Weighted Error Value: White=0.22 (precise) /Black=0.37} 1-0

[Event "13th Asrian Memorial 2022"]
[Site "Yerevan"]
[Date "2022.06.09"]
[Round "3.4"]
[White "Dilanyan, Grigor"]
[Black "Gharibyan, Mamikon"]
[Result "1/2-1/2"]
[ECO "A46"]
[WhiteElo "2293"]
[BlackElo "2487"]
[Annotator "TA"]
[PlyCount "84"]
[EventDate "2022.06.07"]
[EventType "swiss"]
[EventCountry "ARM"]
[SourceTitle "playchess.com"]
[Source "ChessBase"]
[SourceQuality "1"]
[TimeControl "40/5400+30:1800+30"]

1. d4 Nf6 2. Nf3 e6 3. g3 b5 4. Qd3 a6 5. e4 Bb7 6. e5 {[%emt 0:00:13] A46: 1 d4 Nf6 2 Nf3 e6: Torre, London and Colle Systems.} Nd5 {[%emt 0:01:57] [#] aiming for ...Nb4.} 7. Bg2 d6 8. O-O Nd7 9. a4 b4 10. a5 Be7 11. Nbd2 O-O {[%emt 0:06:51] [#]} 12. Ne4 $146 ({Predecessor:} 12. Nc4 Bc6 13. Re1 Bb5 14. Bf1 Re8 15. Qe4 Nf8 16. Qg4 Qd7 17. h4 Qc6 18. Nfd2 {½-½ (97) Krasenkow,M (2604)-Martirosyan,H (2344) Yerevan 2015}) 12... h6 {[%emt 0:00:21] Against Neg5} 13. c4 bxc3 $1 14. bxc3 Rb8 15. Rd1 Bc6 16. Qe2 (16. Qxa6 $2 Bb5 17. Qa7 Qc8 $19) 16... Qc8 (16... f5 17. exd6 fxe4 18. dxe7 Qxe7 19. Qxe4 $16) 17. Ba3 {[%emt 0:09:26] And now c4 would win.} dxe5 18. Bxe7 Nxe7 19. dxe5 Bd5 20. c4 Ba8 21. Ra2 Ng6 22. Ned2 (22. Rad2 $11 Bxe4 23. Qxe4 (23. Rxd7 Bc6 $11)) 22... Rd8 23. Raa1 Bc6 24. Qe3 Qb7 25. Bf1 Qb4 26. Bd3 {[%emt 0:06:46] [#]} (26. c5 $15) 26... Ndxe5 $1 $17 27. Nxe5 Nxe5 {[%emt 0:00:06][%mdl 64] Remove Defender} 28. Qxe5 Rxd3 29. Qxc7 Ba8 {[%emt 0:02:47] Threatens to win with ...Rbd8.} 30. Nf1 Rxd1 31. Rxd1 Qf8 {[%emt 0:02:12] Prevents Rd8.} 32. Ne3 (32. Rd6 $11) 32... Bf3 $15 33. Rc1 Rc8 34. Qf4 Ba8 35. Rb1 Qe8 (35... Qc5 $15 {should be considered.}) 36. Rb6 Rd8 37. Kf1 (37. c5 $11) 37... Qa4 ({Black should play} 37... Qd7 $15 38. Rb8 Bc6) 38. Rb8 $1 $11 {[%emt 0:00:26] The position is equal.} (38. Qe5 Kh7 39. Qc3 (39. Rxa6 $2 Bf3 $19) 39... Be4 $17) 38... Qxa5 39. Qd6 {[%emt 0:00:21] Against Bc6} Qa1+ 40. Ke2 Qa2+ 41. Kf1 Qa1+ 42. Ke2 {[%emt 0:00:24] Really sharp!} Qa2+ {[%emt 0:00:09] Weighted Error Value: White=0.17 (very precise) /Black=0.11 (very precise)} 1/2-1/2

[Event "13th Asrian Memorial 2022"]
[Site "Yerevan"]
[Date "2022.06.09"]
[Round "3.5"]
[White "Yeritsyan, Hayk"]
[Black "Hayrapetyan, Hovik"]
[Result "0-1"]
[ECO "B51"]
[WhiteElo "2291"]
[BlackElo "2484"]
[Annotator "TA"]
[PlyCount "62"]
[EventDate "2022.06.07"]
[EventType "swiss"]
[EventCountry "ARM"]
[SourceTitle "playchess.com"]
[Source "ChessBase"]
[SourceQuality "1"]
[TimeControl "40/5400+30:1800+30"]

1. e4 {[%emt 0:01:07] ChessBase} c5 2. Nf3 d6 3. Bb5+ Nd7 4. Ba4 Ngf6 5. O-O a6 {[%emt 0:01:27] [#] Strongly threatening ...b5.} 6. c3 {[%emt 0:01:22] B51: Sicilian: Moscow Variation (3 Bb5+) without 3...Bd7.} Nxe4 7. Re1 Nef6 (7... b5 $5) 8. d4 {[%emt 0:00:22] Black is slightly better.} b5 9. Bc2 Bb7 10. Bf4 e6 {[%emt 0:01:39] [#]} 11. dxc5 $146 ({Predecessor:} 11. a4 Be7 12. axb5 axb5 13. Na3 Qb6 14. Qe2 c4 15. b3 d5 16. bxc4 dxc4 17. Bc1 {0-1 (32) Fuglsang,F (2275)-Aagaard,J (2440) Copenhagen 1997 CBM 059 [ChessBase]}) 11... Nxc5 12. Nd4 (12. b4 $15 Na4 13. Bxa4 bxa4 14. c4) 12... Be7 13. b4 Na4 14. Bxa4 bxa4 15. Qxa4+ Qd7 16. Qxd7+ Kxd7 17. c4 d5 18. Nd2 $1 ({Of course not} 18. c5 a5 19. bxa5 Bxc5 $17) 18... a5 $36 {[%emt 0:05:33][%mdl 2048] Black has good play.} (18... Bxb4 $2 19. Rab1 a5 20. a3 $18) 19. bxa5 Rhc8 20. Rab1 ({White should try} 20. Rec1 $15) 20... Ba6 $17 21. N2f3 (21. cxd5 $17 Nxd5 22. Be3) 21... dxc4 $19 22. Rbd1 {[%emt 0:00:04] [#] Black must now prevent Nxe6+.} Ke8 23. Ne5 (23. Bg5 $142) 23... Bb4 24. Re3 Nd5 25. Rf3 Nxf4 26. Rxf4 f6 27. Nec6 e5 28. Rg4 $2 (28. Nxb4 exf4 29. Nd5) 28... Bf8 {[%emt 0:00:17] Black is clearly winning.} 29. Re1 Kf7 30. Nxe5+ fxe5 31. Rxe5 c3 {[%emt 0:00:36] Weighted Error Value: White=0.40/Black=0.04 (flawless)} 0-1

[Event "13th Asrian Memorial 2022"]
[Site "Yerevan"]
[Date "2022.06.09"]
[Round "3.6"]
[White "Mahdavi, Reza"]
[Black "Shahinyan, David"]
[Result "0-1"]
[ECO "C11"]
[WhiteElo "2303"]
[BlackElo "2479"]
[Annotator "TA"]
[PlyCount "76"]
[EventDate "2022.06.07"]
[EventType "swiss"]
[EventCountry "ARM"]
[SourceTitle "playchess.com"]
[Source "ChessBase"]
[SourceQuality "1"]
[TimeControl "40/5400+30:1800+30"]

1. e4 e6 2. d4 d5 3. Nc3 Nf6 4. e5 Ng8 5. f4 c5 6. Nf3 {[%emt 0:00:08] C11: French: Classical System: 4 e5 and 4 Bg5 dxe4.} Nh6 7. Be3 Nf5 8. Bf2 {[%emt 0:00:42] The position is equal.} cxd4 9. Nxd4 Nxd4 10. Qxd4 Nc6 11. Qd2 Bb4 $1 {[%emt 0:00:05] [#] Strongly threatening ...d4.} 12. a3 {[%emt 0:05:34] [#]} Qa5 $146 ({Predecessor:} 12... Ba5 13. b4 Bb6 14. Bd3 O-O 15. O-O f6 16. exf6 Rxf6 17. Na4 Bxf2+ 18. Qxf2 Bd7 {0-1 (48) Pham,K (2198)-Admiraal,M (2507) Maastricht 2019}) 13. Rd1 Bxc3 14. bxc3 b6 15. c4 dxc4 16. Bxc4 {[%emt 0:00:29] Black must now prevent Qxa5.} O-O 17. O-O Qxa3 18. Bd3 {[%emt 0:08:32] A strong pair of Bishops.} Bb7 19. Qe3 g6 20. h4 Nb4 21. h5 $1 Qc3 ({Reject} 21... Nxd3 $6 22. Rxd3 Qa4 23. Rc1 $17) 22. Qh3 Rfe8 (22... Nxc2 $2 23. Rc1 Rfd8 24. Rfd1 $18 (24. Bxc2 Qxh3 25. gxh3 b5 $16)) 23. hxg6 fxg6 24. Be1 Qc5+ 25. Bf2 Qc6 26. Be2 {[%emt 0:02:39][%cal Of4f5] f5! is the strong threat.} Nd5 (26... Nxc2 $2 27. Rd6 Qa4 28. Rxe6 $16) 27. Qh4 (27. Bf3 $15) 27... Rf8 ({Black should play} 27... Qxc2 $19 28. Bf3 Qc7) 28. Bf3 $15 Qxc2 (28... Qc8 $17 29. Bg4 b5) 29. Rc1 (29. f5 $1 $11) 29... Qf5 $17 30. Bxd5 (30. Rcd1 $17) 30... Bxd5 $40 {[%emt 0:00:11][%mdl 128] Black goes for the king.} 31. Rc7 Rf7 32. Rxf7 Qxf7 33. Rc1 b5 34. f5 (34. Bc5 $142) 34... gxf5 {[%emt 0:01:48][%cal Bg6f5,Bf5f4][%mdl 32] And now ...Qg6 would win.} ({Don't blunder} 34... exf5 $2 35. Rc5 $19) 35. Rc3 $2 {[%emt 0:00:38] [#]} (35. Be1 {might work better.}) 35... f4 $1 {[%emt 0:00:10] Black is clearly winning.} 36. Qh2 (36. Qh3 $142) 36... b4 37. Rc2 Qg6 38. Rb2 Rc8 {[%emt 0:00:10] Weighted Error Value: White=0.55/Black=0.14 (very precise)} 0-1

[Event "13th Asrian Memorial 2022"]
[Site "Yerevan"]
[Date "2022.06.09"]
[Round "3.7"]
[White "Zarubitski, Viachaslau"]
[Black "Davtyan, Arsen"]
[Result "0-1"]
[ECO "A13"]
[WhiteElo "2457"]
[BlackElo "2308"]
[Annotator "TA"]
[PlyCount "126"]
[EventDate "2022.06.07"]
[EventType "swiss"]
[EventCountry "ARM"]
[SourceTitle "playchess.com"]
[Source "ChessBase"]
[SourceQuality "1"]
[TimeControl "40/5400+30:1800+30"]

1. c4 Nf6 2. Nf3 e6 3. b3 d5 4. Bb2 Be7 5. e3 b6 6. Nc3 {[%emt 0:00:18] A13: English Opening: 1...e6.} Bb7 7. cxd5 exd5 8. Be2 {[%emt 0:00:12] The position is equal.} O-O 9. O-O Nbd7 10. Rc1 Nc5 {[%emt 0:03:38] [#]} 11. d3 $146 ({Predecessor:} 11. Nd4 Nfe4 12. Qc2 Bf6 13. Nxe4 dxe4 14. b4 Nd3 15. Bxd3 exd3 16. Qxc7 Qd5 17. Qg3 Qxa2 {½-½ (32) Zhao,I (1975)-Jayakumaar,S (2254) Ahmedabad 2017}) 11... Ne6 12. d4 c5 13. dxc5 bxc5 14. Na4 Rc8 15. Qc2 Ne4 16. Rfd1 Qa5 17. Bd3 f5 18. Ne5 Qc7 19. Bb5 Rfd8 {[%emt 0:10:07] Prevents Bd7.} 20. f3 Nd6 21. Bf1 (21. Bd3 $5 Rf8 22. g4 $14) 21... Bg5 22. f4 Be7 (22... Bf6 $11) 23. Nc3 Ne4 $1 24. g4 Bh4 25. Nxe4 (25. gxf5 Bf2+ 26. Kh1 Nxc3 27. Bxc3 d4+ 28. e4 Nxf4 $1 $15) (25. Nb5 Qe7 26. Nxa7 (26. gxf5 $2 Bf2+ 27. Kg2 Bxe3 $19) 26... Bf2+ 27. Qxf2 (27. Kh1 $2 Bxe3 28. Nxc8 Rxc8 $19) 27... Nxf2 28. Nxc8 Qh4 29. Ne7+ (29. Nf3 $2 Nh3+ 30. Bxh3 Qxh3 $19) 29... Qxe7 $19) 25... fxe4 26. g5 {[%emt 0:00:17] Against Bf6} d4 (26... Nxg5 $16 27. fxg5 Bxg5) 27. Bh3 (27. Qg2 $18 Bxg5 28. Qg4 (28. Bc4 Bd5 $11)) 27... Qe7 28. Qe2 (28. b4 $1 $16) 28... Nxg5 $11 29. Bxc8 Nf3+ $1 30. Kh1 $1 (30. Nxf3 $2 exf3 31. Qd3 (31. Qc4+ $2 Bd5 $19) 31... f2+ 32. Kf1 Bxc8 $19) 30... d3 $1 31. Be6+ $1 Qxe6 32. Qg2 Bf6 {[%emt 0:07:46] This bishop pair is nice.} 33. Nc4 $2 (33. Rxc5 $11 {and White is okay.} Rc8 34. Rxc8+ (34. Nxd3 $2 Nh4 $19) 34... Qxc8 35. Rc1 (35. Nxd3 $2 Nh4 $19)) 33... Bxb2 $19 34. Nxb2 (34. Qxb2 Rd5 35. Rd2) 34... Rd5 35. Rg1 Qh6 {[%emt 0:00:12] Active counter play!} (35... Nxg1 36. Rxg1 g6 37. Nc4 $17) 36. Qg3 Rh5 (36... Nxg1 $2 37. Rxg1 Ba6 38. Qg4 $19) (36... d2 $142 37. Rcd1 Nxg1 38. Rxg1 Qf6) 37. Rg2 Nh4 (37... Ba6 $17 38. Qf2 Qf6) 38. f5 $1 $15 Rxf5 39. Rf2 (39. Qb8+ $15 Rf8 40. Qxb7 Nxg2 41. Qxe4 Nxe3 42. Nxd3) 39... Rxf2 $19 40. Qxf2 {[%emt 0:00:02] [#]} Nf3 $2 ({Black should play} 40... Qh5 $1 $19 {White must now prevent ...h6.} 41. Na4 c4 42. bxc4 h6) 41. Qg3 $11 Bd5 $2 (41... Kf7 $11 {and Black stays safe.} 42. Nc4 (42. Rxc5 Qxe3 43. Rc7+ Ke8 $11) 42... Bc6) 42. Qb8+ $2 (42. Rxc5 $18 Be6 {[#]} 43. Nxd3 $1 (43. Qb8+ Kf7 $11) 43... Qxe3 44. Qb8+ Kf7 45. Rc7+ (45. Ne5+ Nxe5 46. Qxe5 Qf3+ 47. Kg1 Qe3+ 48. Kh1 Qf3+ 49. Kg1 Qe3+ 50. Kh1 $11) 45... Kg6 46. Qe8+ Kg5 47. Qe7+ (47. Rxg7+ Kh6 $11) 47... Kh5 48. Qc5+ Qxc5 49. Nxc5) 42... Kf7 43. Qxa7+ Kf6 44. Qb6+ $1 Be6 45. Qd8+ $1 Kf7 46. Qc7+ Kf6 47. Qd8+ Kf7 48. Qc7+ Kf6 49. Nd1 c4 (49... d2 $11 {remains equal.} 50. Qd8+ (50. Rxc5 $2 Qh3 $19) 50... Kf7 51. Qc7+ Ke8 52. Qb8+ (52. Rxc5 $2 Qh3 $19) 52... Kf7 53. Qc7+ (53. Rxc5 $2 Qh3 $19) 53... Ke8) 50. bxc4 $16 Ne5 51. Qd8+ (51. Qd6 Qh3 52. Nf2 Qf3+ 53. Kg1 Qxe3 $17) 51... Kf7 (51... Kf5 $11) 52. Qc7+ $14 Kf6 $1 {And now ...Qh3 would win.} (52... Nd7 53. Kg1 $14) 53. Nc3 (53. Qd6 Qh3 54. Nf2 Qf3+ 55. Kg1 Qxe3 $15) 53... Qxe3 54. Rf1+ Nf3 {[%emt 0:00:04] ...d2 is the strong threat.} 55. Qc6 {[%emt 0:01:05] Threatens to win with Nd5+.} Ke5 56. Qc7+ Kf6 $1 {[%emt 0:00:12] Strongly threatening ...d2.} 57. Qc6 (57. Qd6 $1 $14 {should be considered.} Kf7 58. Qe5 (58. Nd5 Bxd5 59. cxd5 g6 $11) 58... Qg1+ 59. Rxg1 Nxe5 60. Nxe4) 57... Ke5 $1 $11 58. Qb5+ Kf4 {[%emt 0:01:13] [#] Hoping for ...d2. Really sharp!} 59. Qd5 $1 d2 $40 {[%emt 0:01:21][%mdl 128] White needs to defend precisely.} 60. Qd6+ $1 (60. Qxe6 Qxc3 61. a3 Qd3 62. Qf7+ Ke3 63. Qa7+ Nd4 $19) 60... Kf5 $1 61. Nd5 (61. Nb5 $11 Bxc4 62. Nd4+ (62. Qd7+ Kf6 $11) 62... Kg5 63. Qg3+ Kh5 64. Qh3+ Kg5 65. Qf5+ Kh6 66. Qh3+ Kg5 67. Qf5+ Kh6 68. Qh3+ Kg5) 61... Qe1 62. Qf4+ Kg6 63. Ne7+ Kh5 {[%emt 0:00:04] Weighted Error Value: White=0.34/Black=0.23 (precise)} 0-1

[Event "13th Asrian Memorial 2022"]
[Site "Yerevan"]
[Date "2022.06.10"]
[Round "4.1"]
[White "Sargsyan, Shant"]
[Black "Shahinyan, David"]
[Result "1-0"]
[ECO "E94"]
[WhiteElo "2641"]
[BlackElo "2479"]
[Annotator "TA"]
[PlyCount "103"]
[EventDate "2022.06.07"]
[EventType "swiss"]
[EventCountry "ARM"]
[SourceTitle "playchess.com"]
[Source "ChessBase"]
[SourceQuality "1"]
[TimeControl "40/5400+30:1800+30"]

1. d4 Nf6 2. Nf3 d6 3. c4 g6 4. Nc3 Bg7 5. e4 O-O 6. Be2 Nbd7 7. O-O e5 8. Be3 Qe7 9. Qc2 c6 10. d5 c5 {[%emt 0:00:26] E94: King's Indian: Classical: 6 Be2 e5 7 0-0: Various Black 7th moves.} 11. Ne1 Kh8 12. Nd3 Ng8 {[%emt 0:00:24] White is better.} 13. Qd2 {[%emt 0:03:09] 0x0.00166b9bf8d7dp-1022s more active pieces.} f5 14. exf5 gxf5 {[%emt 0:00:15] Hoping for ...f4.} 15. f4 e4 16. Nf2 Ndf6 {[%emt 0:00:05] [#]} 17. Rae1 $146 ({Predecessor:} 17. a3 b6 18. b4 h5 19. h3 Nh6 20. bxc5 bxc5 21. Rfb1 Rg8 22. Ra2 Kh7 23. Bd1 Bh8 24. Nh1 {0-1 (46) Pauly,C (2305)-Ondersteijn,N (2376) Maastricht 2022}) 17... Bd7 18. Qc2 a6 19. a4 Qf7 20. a5 b5 21. axb6 {[%emt 0:00:32] White wants to play Qb3.} ({Not} 21. cxb5 axb5 22. Bxb5 Nxd5 $19) 21... a5 22. b7 Rab8 23. Ra1 ({Much weaker is} 23. Qb3 Be8 $11) 23... Rxb7 24. Rxa5 Rfb8 25. Ra2 Ne7 26. Rfa1 Qg8 27. Ncd1 Nexd5 28. cxd5 Nxd5 29. Bc4 Nb4 30. Bxg8 Nxc2 31. Bd5 Rb6 32. Rb1 ({But not} 32. Ra7 Nxa1 33. Rxd7 Nc2 $11) 32... Nb4 33. Ra7 Nxd5 34. Rxd7 {[%emt 0:00:30] And now Bxc5 would win.} Bd4 35. Bxd4+ cxd4 36. g3 (36. Rf7 $5 ) 36... e3 (36... Ra8 $14) 37. Nd3 $16 Re8 {[%emt 0:00:08] [#]} ({Black should play} 37... Nb4) 38. Ra1 (38. b3 $1 $16) 38... Rc6 $2 ({Better is} 38... Nb4 $1 $14) 39. Rf7 Rc2 (39... Ne7 {was worth a try.} 40. Nxe3 dxe3) 40. Rxf5 $18 Rd2 $2 (40... e2 41. N1f2 Ne3) 41. Rxd5 {[%emt 0:05:33] Strongly threatening Ne1.} Rxd3 {[%emt 0:01:07] [#]} 42. Nxe3 Rexe3 43. Rxd6 {[%emt 0:00:16][%mdl 4096] Endgame KRR-KRR} Re8 (43... Rd2 $142 44. Rd7 Re8) 44. Rf1 Re2 45. Ra1 (45. Rc1 $142) 45... Re8 $1 46. Kg2 {[%emt 0:00:25] Threatens to win with Ra7.} Rd2+ 47. Kh3 Rxb2 $2 (47... Re7 48. b4 Kg7) 48. Ra7 {[%emt 0:00:21] White is clearly winning.} Rb5 49. Rxd4 Rh5+ 50. Kg2 Re2+ 51. Kf3 {[%emt 0:00:11] Threatening mate with Rd8+.} Re8 {[%emt 0:00:01] Against Rd8} 52. Rd2 {[%emt 0:01:09] Weighted Error Value: White=0.25 (precise) /Black=0.29 (precise)} 1-0